[Event "Czech Open-GM 2022"]
[Site "Pardubice"]
[Date "2022.07.25"]
[Round "4.30"]
[White "Gloser, David"]
[Black "Malek, Daniel"]
[Result "1-0"]
[ECO "B12"]
[WhiteElo "2221"]
[BlackElo "2355"]
[Annotator "TA"]
[PlyCount "101"]
[EventDate "2022.07.22"]
[EventType "swiss"]
[EventCountry "CZE"]
[SourceTitle "playchess.com"]
[Source "ChessBase"]
[SourceQuality "1"]
[TimeControl "40/5400+30:1800+30"]

1. e4 c6 2. d4 d5 3. e5 Bf5 4. h4 h6 5. g4 Be4 6. f3 Bh7 7. e6 Qd6 8. exf7+ $1 {[%emt 0:02:58] B12: Caro-Kann: Advance Variation.} Kxf7 9. f4 {[%emt 0:16:22] Prevents e5. Black should prevent Nf3.} Nf6 10. Nf3 {[%emt 0:09:18] White has an edge. 10.Bh3 is not played anymore.} Nxg4 11. Bh3 (11. Ne5+ Nxe5 12. fxe5 Qg6 $15) 11... h5 12. Bxg4 (12. Ne5+ $11 Kg8 13. Nxg4 hxg4 14. Qxg4 Bxc2 15. Qe6+ Kh7 16. Rh2) 12... hxg4 $17 {[%emt 0:00:08] [#]} 13. Ng5+ $146 {[%emt 0:00:16][%mdl 64] Discovered Attack} ({Predecessor:} 13. Ne5+ Kg8 14. Qxg4 Qf6 15. Be3 Bf5 16. Qg3 Bxc2 17. Nc3 Bf5 18. O-O-O Nd7 19. h5 Nxe5 20. fxe5 {½-½ (57) Reshef,O (2453)-Macieja,B (2533) Dallas 2017}) 13... Kg8 14. Qxg4 Nd7 ({Black should try} 14... Bxc2 $17 {[%cal Oe7e6] And now ...e6! would win.} 15. Na3 Bg6) 15. f5 {[%emt 0:01:08] Against e6} Nf6 16. Qf3 e6 17. fxe6 Re8 {[%emt 0:04:42] Threatens to win with ...Be4.} 18. Nc3 {[%emt 0:03:50] Prevents Be4.} Rxe6+ (18... Qb4 $17) 19. Nxe6 $14 Qxe6+ 20. Be3 (20. Qe2 $14 Qxe2+ 21. Kxe2) 20... Bxc2 $11 21. Kd2 $1 Bg6 {[%emt 0:02:09] Hoping for ...Ne4+.} 22. Raf1 Bb4 {[%emt 0:02:35] aiming for ...Be4.} 23. Bg5 (23. Rfg1 $15) 23... Ne4+ (23... Be4 $6 24. Qe2 $11) ({Better is} 23... Qe4 $1 $17 {[%cal Re4c2] ...Qc2+ is the strong threat.} 24. Bxf6 Qc2+ 25. Ke3 Qxb2) 24. Kc1 Nxg5 25. hxg5 Rxh1 26. Rxh1 Be7 27. Rg1 Bh7 28. Kd1 Qg6 {[%emt 0:01:38] White must now prevent ...Qc2+.} 29. Qg4 Qc2+ 30. Ke1 Bf5 {[%emt 0:00:04] Prevents Qc8+.} (30... Qxb2 $2 31. Qe6+ Kf8 32. Qc8+ (32. Rf1+ Ke8 $11) 32... Kf7 33. Rf1+ Bf6 34. Qd7+ Kf8 35. Qh3 (35. gxf6 Qxc3+ 36. Kf2 Qxd4+ 37. Kg3 Qe5+ 38. Rf4 Qg5+ 39. Kh3 gxf6 $11) 35... Qc1+ 36. Nd1 Qxg5 37. Qxh7 $18) 31. Qf4 Qxb2 (31... Bg6 $5 ) 32. Qxf5 Qxc3+ {[%emt 0:00:06][%mdl 4096] Endgame KQR-KQB} 33. Ke2 {[%emt 0:02:17] The board is on fire.} Qb2+ $2 (33... Qxd4 $2 34. Qe6+ Kf8 35. Qc8+ (35. Rf1+ Ke8 $11) 35... Kf7 36. Rf1+ Bf6 37. Qd7+ (37. gxf6 Qc4+ 38. Kf2 Qf4+ 39. Kg2 Qe4+ 40. Rf3 Qe2+ 41. Kg3 Qe1+ 42. Kg4 Qe4+ 43. Kg5 Qg6+ 44. Kh4 Qe4+ 45. Qg4 Qe1+ 46. Qg3 Qh1+ 47. Kg4 gxf6 $18) (37. Qxb7+ Kg6 $11) 37... Kg6 38. Qf5+ (38. gxf6 Qe5+ 39. Kd3 Qe4+ 40. Kd2 Qd4+ 41. Ke2 Qe5+ 42. Kf2 Qxf6+ 43. Kg2 Qg5+ 44. Kh1 Qh4+ 45. Kg2 Qg5+ 46. Kh3 Qe3+ 47. Kg4 Qg5+ 48. Kh3 Qe3+ 49. Kh4 Qg5+ 50. Kh3 $11) 38... Kf7 39. gxf6 Qb2+ 40. Kf3 Qxf6 41. Qxf6+ gxf6 42. Rh1 $18) (33... Qc4+ $1 $14 34. Kf3 Qc3+ 35. Kg2 Qd2+ 36. Kf3 (36. Kh1 Qe2 $11) 36... Qc3+ 37. Kg2 Qd2+ 38. Kh3 (38. Kh1 Qe2 $14) 38... Bd8) 34. Kf3 $18 {[%emt 0:02:11][%mdl 1024] White has strong compensation.} Qc3+ {[%emt 0:00:59] [#]} 35. Ke2 $2 (35. Kg2 $1 $18 Qd2+ 36. Kh3 (36. Kh1 Qe2 $14)) 35... Qb2+ $11 (35... Qxd4 $2 36. Qe6+ Kf8 37. Qc8+ (37. Rf1+ Ke8 $11) 37... Kf7 38. Rf1+ Bf6 39. Qd7+ (39. gxf6 Qe4+ 40. Kf2 Qh4+ 41. Kg2 Qe4+ 42. Rf3 Qe2+ 43. Kg3 Qe5+ 44. Kh4 Qe1+ 45. Kg4 Qe4+ 46. Kg5 Qe5+ 47. Qf5 gxf6+ 48. Kg4 Ke7 $18) (39. Qxb7+ Kg6 $11) 39... Kg6 40. Qf5+ (40. gxf6 Qe5+ 41. Kf2 Qxf6+ 42. Kg2 Qg5+ 43. Kh3 Qe3+ 44. Kh4 Qg5+ 45. Kh3 Qe3+ 46. Kh4 Qg5+ 47. Kh3 $11) 40... Kf7 41. gxf6 Qb2+ 42. Ke3 Qc3+ 43. Kf4 gxf6 44. Qd7+ Kf8 45. Qc8+ Kf7 46. Qxb7+ Ke6 47. Qc8+ Ke7 48. Qf5 $18) 36. Kf3 $2 (36. Ke3 $11 Qa3+ 37. Ke2 (37. Kf4 Bd6+ 38. Kg4 Qe3 $14) 37... Qb2+) 36... Qc3+ $1 $18 {[%emt 0:00:04] [#]} 37. Kg2 $1 Qe3 {[%emt 0:03:17] Prevents Qe6+.} 38. g6 {[%emt 0:01:09] Intending Qf7+ and mate.} Qd2+ 39. Kf3 (39. Kh1 $6 Qh6+ 40. Kg2 Qg5+ 41. Qxg5 Bxg5) 39... Qc3+ 40. Kg2 {[%emt 0:00:27] Threatening mate with Qe6+.} Qd2+ 41. Kh3 ({Resist} 41. Kh1 $6 Qh6+ 42. Kg2 Qd2+) 41... Qe3+ 42. Rg3 Qh6+ 43. Kg2 $2 (43. Kg4 $18 {is the precise move to win. White threatens Qf7+ and mate.} Qh4+ 44. Kf3) 43... Qd2+ $16 44. Kh1 Qc1+ 45. Kh2 Qd2+ 46. Kh3 (46. Rg2 $16 {Qf7+ would kill now.} Qh6+ 47. Kg3 (47. Kg1 Qc1+ 48. Kf2 Bh4+ 49. Ke2 Qe1+ 50. Kd3 Qb1+ 51. Rc2 Qd1+ 52. Ke3 Qe1+ 53. Kf3 Qg3+ 54. Ke2 Qe1+ 55. Kf3 Qg3+ 56. Ke2 Qe1+ 57. Kf3 $11) 47... Qe3+ 48. Kh2 Qh6+ 49. Kg3 (49. Kg1 Qc1+ 50. Kf2 Bh4+ 51. Ke2 Qe1+ 52. Kd3 Qb1+ 53. Rc2 Qd1+ 54. Rd2 Qb1+ 55. Rc2 Qd1+ 56. Rd2 Qb1+ 57. Rc2 $11) 49... Qe3+ 50. Kh2 Qh6+) 46... Qh6+ $18 47. Kg4 {[%emt 0:00:00] White wants to mate with Qf7+.} Qh4+ 48. Kf3 {[%emt 0:00:00] White is more active.} Qh1+ $2 (48... Qf6 $18 49. Qxf6 Bxf6) 49. Kf2 {[%emt 0:00:00] White mates.} Qh2+ 50. Kf1 Qh1+ 51. Rg1 {[%emt 0:00:00] Weighted Error Value: White=0.32/Black=0.35} 1-0

[Event "Czech Open-GM 2022"]
[Site "Pardubice"]
[Date "2022.07.25"]
[Round "4.31"]
[White "Kusa, Jakub"]
[Black "Nytra, Ondrej"]
[Result "1-0"]
[ECO "D30"]
[WhiteElo "2353"]
[BlackElo "2214"]
[Annotator "TA"]
[PlyCount "47"]
[EventDate "2022.07.22"]
[EventType "swiss"]
[EventCountry "CZE"]
[SourceTitle "playchess.com"]
[Source "ChessBase"]
[SourceQuality "1"]
[TimeControl "40/5400+30:1800+30"]

1. d4 d5 2. c4 e6 3. Nf3 c6 4. Qc2 Nf6 5. Bg5 Be7 6. e3 Nbd7 7. Nc3 O-O 8. Rd1 h6 9. Bh4 a6 10. a3 Ne8 {[%emt 0:09:07] D61: Queen's Gambit Declined: Classical: 7 Qc2.} 11. Bg3 {[%emt 0:03:07] [#]} Nd6 $146 ({Predecessor:} 11... f5 12. Bd3 Nd6 13. cxd5 cxd5 14. Ne2 g5 15. h4 g4 16. Ne5 Nxe5 17. Bxe5 Nf7 18. Bc7 {½-½ (80) Dobias,J-Louma,J Rakovnik 1940}) 12. cxd5 exd5 {[%emt 0:06:33] The position is equal.} 13. Bd3 Nf6 14. h3 Nb5 15. O-O Qa5 (15... Nxc3 $11 {remains equal.} 16. Qxc3 Ne4 17. Bxe4 dxe4) 16. Ne2 {[%emt 0:03:18] White is more active.} Nh5 17. Bh2 Nd6 18. Ne5 Be6 ({Better is} 18... Qd8 $14) 19. g4 (19. Bh7+ $18 Kh8 {[#]} 20. Bg6 $1 ) 19... Nf6 $16 20. Nf4 $36 {[%emt 0:01:54][%mdl 2048] White is really pushing.} Rad8 (20... Bc8 $16) 21. f3 Nc8 $2 (21... Bc8 {was called for.} 22. h4 Nfe8) 22. h4 $18 {[%emt 0:07:06] [#] aiming for g5. White is clearly winning.} g5 23. Nxe6 fxe6 24. Be2 {[%emt 0:00:35] Weighted Error Value: White=0.12 (very precise) /Black=0.67} 1-0

[Event "Czech Open-GM 2022"]
[Site "Pardubice"]
[Date "2022.07.25"]
[Round "4.32"]
[White "Jedlicka, Ales"]
[Black "Simek, Petr"]
[Result "0-1"]
[ECO "A46"]
[WhiteElo "2216"]
[BlackElo "2348"]
[Annotator "TA"]
[PlyCount "64"]
[EventDate "2022.07.22"]
[EventType "swiss"]
[EventCountry "CZE"]
[SourceTitle "playchess.com"]
[Source "ChessBase"]
[SourceQuality "1"]
[TimeControl "40/5400+30:1800+30"]

1. d4 Nf6 2. Nf3 d5 3. c4 e6 4. g3 Bb4+ 5. Bd2 Be7 6. Bg2 O-O 7. O-O c6 8. Qc2 a5 {[%emt 0:00:22] 8...Nbd7 is becoming the main line.} 9. Bf4 Nbd7 10. Nbd2 {[%emt 0:01:12] E08: Closed Catalan: Main Line: 7 Qc2.} Nh5 11. Be3 Bd6 {[%emt 0:15:14] [#]} 12. cxd5 $146 (12. Bg5 $11 f6 13. Be3) ({Predecessor:} 12. Nb3 Qe7 13. Nc1 b5 14. c5 Bc7 15. Bg5 f6 16. Bd2 f5 17. Nd3 Bb7 18. Nfe5 {½-½ (44) Tomashevsky,E (2724)-Riazantsev,A (2651) Novosibirsk 2016}) 12... exd5 $15 13. Nh4 (13. Bg5 $11 {is superior.} f6 14. Be3) 13... Nb6 14. Nf5 Bc7 15. g4 (15. Nf3 $15) 15... Nf4 16. Bxf4 Bxf4 17. e3 Bc7 {[%emt 0:00:23] aiming for ...g6.} 18. f4 Qf6 19. Rae1 Re8 20. Nf3 Bxf5 21. gxf5 Qd6 22. Ne5 Re7 (22... f6 $17 23. Nd3 Nc4) 23. Rf3 f6 (23... Rae8 $5 ) 24. Nd3 Nd7 25. Rg3 Rae8 26. Kf2 Bb6 27. Qd2 Kh8 28. Bf3 Rd8 29. Bh5 c5 30. dxc5 (30. Kf1 $17 {was called for.}) 30... Nxc5 $19 31. Nxc5 Bxc5 ({Worse is} 31... Qxc5 32. Qc3 $17) 32. Kg2 $2 {[%emt 0:01:20] [#]} (32. Rf1 {is more resistant.}) 32... Bb4 {[%emt 0:00:38] Weighted Error Value: White=0.41/Black=0.12 (very precise)} 0-1

[Event "Czech Open-GM 2022"]
[Site "Pardubice"]
[Date "2022.07.25"]
[Round "4.34"]
[White "Baziuk, Vladyslav"]
[Black "Swicarz, Maciej"]
[Result "0-1"]
[ECO "B90"]
[WhiteElo "2078"]
[BlackElo "2335"]
[Annotator "TA"]
[PlyCount "122"]
[EventDate "2022.07.22"]
[EventType "swiss"]
[EventCountry "CZE"]
[SourceTitle "playchess.com"]
[Source "ChessBase"]
[SourceQuality "1"]
[TimeControl "40/5400+30:1800+30"]

1. e4 c5 2. Nf3 d6 3. d4 cxd4 4. Nxd4 Nf6 5. Nc3 a6 6. f3 e5 7. Nb3 Be7 8. Be3 Be6 9. Qd2 h5 10. O-O-O Nbd7 11. Kb1 Rc8 $1 {[%emt 0:00:02][%mdl 4] is currently scoring better than 11...b5.} 12. Bd3 {[%emt 0:00:10] B90: Sicilian Najdorf: Unusual White 6th moves, 6 Be3 Ng4 and 6 Be3 e5.} Qc7 13. h3 h4 14. f4 {[%emt 0:00:26] White has an edge.} b5 15. Rhe1 O-O $1 16. g4 {[%emt 0:00:30][%cal Bg2g4,Bg4g5][%mdl 32] [#] Black must now prevent f5.} exf4 $146 ({Black should try} 16... hxg3 $11 17. Rg1 Nc5) ({Predecessor:} 16... b4 17. Nd5 Nxd5 18. exd5 Bxd5 19. Bxa6 Be4 20. Bd3 Nf6 21. Rc1 Bxd3 22. Qxd3 Qc6 {½-½ (56) Pugh,J (2536)-Kitson,K (2557) ICCF email 2005}) 17. Bxf4 $14 Ne5 18. Qg2 {[%emt 0:02:43] Against Nf3} Qb7 {[%emt 0:10:52][%cal Oc8c3] Inhibits Nd5.} 19. g5 Nh5 20. Bc1 g6 (20... Rxc3 $5 21. bxc3 Qc8 $11) 21. Nd5 Rfe8 22. Nd4 Bxd5 23. exd5 Bf8 24. Be4 Bg7 25. Nc6 Ng3 26. Bf3 Nxf3 27. Qxf3 Nf5 28. Re2 Qb6 29. Rde1 Rxe2 30. Qxe2 Qc5 31. Qd3 Kf8 32. a4 Re8 33. Rxe8+ Kxe8 34. axb5 axb5 35. Bd2 Kf8 36. Ka2 Nd4 37. Nb4 (37. Qe4 $11 {keeps the balance.}) 37... Nf5 $40 {[%emt 0:02:53][%mdl 128] Black mounts an attack.} (37... Be5 $17) 38. Nc6 $11 Nd4 (38... Bd4 $11 39. Qe4 Be3) 39. Nb4 $17 Be5 40. Bc3 Nf5 (40... Qc4+ $15 41. Ka3 Ne2 42. Bxe5 dxe5) 41. Bd2 (41. Bxe5 $1 $11 Qxb4 42. Bf6) 41... Qa7+ 42. Kb1 Qg1+ 43. Ka2 Qa7+ 44. Kb1 Qd4 (44... Qf2 $5 ) 45. c3 $2 (45. Qxd4 $15 Nxd4 46. Nc6) 45... Qg1+ $19 46. Ka2 Qa7+ (46... Qd1 $19 {is more deadly.} 47. Qc2 Qh1) 47. Kb1 $17 Qg1+ (47... Qf2 $17 48. Nc6 Bf4 49. Bxf4 Qxf4) 48. Ka2 $1 $19 Qd1 49. Qc2 {[%emt 0:00:43] [#]} Qf1 (49... Qh1 $1 $19 50. Qd3 Bg3) 50. Qd3 $17 Qd1 51. Qc2 $1 Qf1 {[%emt 0:00:11] 0x0.00144ab569a4dp-1022s more active pieces.} ({Better is} 51... Qh1 52. Qd3 Bg3) 52. Qd3 Qg2 53. Nc6 Bg3 (53... Kg8 $17) 54. Ka3 $2 (54. c4 $11 {and White stays safe.} bxc4 55. Qc3) 54... Qxh3 $19 55. Qxb5 {[%emt 0:00:00] [#]} Qg2 $2 (55... Qh1 $1 $19 56. Nb8 (56. Qb8+ $2 Kg7 $19) 56... Qa1+ 57. Kb3 Kg7) 56. Be3 $2 Nxe3 {[%emt 0:00:00] Black is clearly winning.} 57. Qb8+ Kg7 58. Ne7 Nc4+ 59. Ka4 Qc2+ 60. b3 {[%emt 0:00:00] [#]} Nb6+ $1 61. Qxb6 (61. Ka3 Qc1+) 61... Qe4+ {[%emt 0:00:00] Weighted Error Value: White=0.42/Black=0.40} 0-1

[Event "Czech Open-GM 2022"]
[Site "Pardubice"]
[Date "2022.07.25"]
[Round "4.35"]
[White "Vojta, Jakub"]
[Black "Jares, Michal"]
[Result "1/2-1/2"]
[ECO "B53"]
[WhiteElo "2326"]
[BlackElo "2208"]
[Annotator "TA"]
[PlyCount "69"]
[EventDate "2022.07.22"]
[EventType "swiss"]
[EventCountry "CZE"]
[SourceTitle "playchess.com"]
[Source "ChessBase"]
[SourceQuality "1"]
[TimeControl "40/5400+30:1800+30"]

1. e4 c5 2. Nf3 d6 3. d4 cxd4 4. Qxd4 Nf6 5. c4 g6 6. Nc3 {[%emt 0:01:25] B53: Sicilian: 2...d6: Lines with Qxd4.} Bg7 7. h3 O-O 8. Be2 Be6 9. Qe3 Nc6 10. O-O Na5 11. Nd5 Rc8 12. Nd2 {[%emt 0:02:51] [#]} a6 $146 (12... Nc6 $5 ) ({Predecessor:} 12... Nd7 13. Rb1 Nc6 14. b3 Bd4 15. Qh6 Bg7 16. Qe3 Bd4 17. Qh6 Bg7 18. Qe3 {½-½ (18) Fercec,N (2415)-Skuhala,J (2378) Vodice 2022}) 13. a4 Nc6 14. Rb1 {[%emt 0:04:04] [#]} a5 (14... Nd4 $1 $11) 15. b3 $14 Nd7 16. Bb2 {[%emt 0:04:44] Inhibits Bd4.} Bxb2 17. Rxb2 Nc5 18. Nf3 Ne5 19. Nd4 Bxd5 20. exd5 Qb6 21. Nb5 Ncd7 22. Qxb6 Nxb6 23. f4 Ned7 24. Bd1 Nc5 25. Re2 Rfe8 26. Bc2 Nbd7 27. Rfe1 {[%emt 0:00:26][%cal Ob5d6] [#] And now Nxd6! would win. 0x0.001ebed54442dp-1022s more active pieces.} Kf8 28. Kf2 Nb8 29. Kf3 Nba6 30. Re3 Nb4 (30... Nc7 $11) 31. Bb1 $16 Nba6 32. g4 ({Better is} 32. Nd4 $16) 32... Nc7 $1 $14 33. Nd4 e6 34. dxe6 N5xe6 {[%emt 0:00:40] Pair of Knights!} 35. Ke4 $2 {Weighted Error Value: White=0.08 (flawless) /Black=0.11 (very precise)} (35. Nxe6+ $11 {and White has nothing to worry.} Nxe6 36. Rd1) 1/2-1/2

[Event "Czech Open-GM 2022"]
[Site "Pardubice"]
[Date "2022.07.25"]
[Round "4.36"]
[White "Mica, Marek"]
[Black "Jonsson, Gauti Pall"]
[Result "1/2-1/2"]
[ECO "E71"]
[WhiteElo "2304"]
[BlackElo "2071"]
[Annotator "TA"]
[PlyCount "81"]
[EventDate "2022.07.22"]
[EventType "swiss"]
[EventCountry "CZE"]
[SourceTitle "playchess.com"]
[Source "ChessBase"]
[SourceQuality "1"]
[TimeControl "40/5400+30:1800+30"]

1. d4 Nf6 2. c4 g6 3. Nc3 Bg7 4. e4 d6 5. h3 O-O 6. Be3 Nc6 {[%emt 0:01:09] E71: King's Indian: 4 e4 d6 5 h3.} 7. d5 Ne5 8. f4 Ned7 {[%emt 0:00:21] White has an edge.} 9. g4 c6 10. Nge2 cxd5 11. cxd5 b6 12. Nd4 {[%emt 0:02:28] White is more active.} (12. Rc1 $16) 12... Nc5 $14 13. Qc2 Bb7 {[%emt 0:02:48][%cal Oc5e4] And now ...Ncxe4! would win.} 14. Bg2 Rc8 {[%emt 0:08:46] [#]} 15. O-O $146 ({Predecessor:} 15. Nc6 Bxc6 16. dxc6 Ne8 17. O-O Rxc6 18. e5 Rc8 19. Rad1 e6 20. Qd2 d5 21. g5 {½-½ (78) Koelle,T (2443)-Dobrikov,M (2234) Willingen 2022}) 15... e6 16. Rfe1 exd5 17. exd5 Re8 18. Bf2 Qd7 19. Rxe8+ Rxe8 20. b4 (20. a3 {seems wilder.} Nxg4 21. hxg4 Qxg4 22. b4) 20... Na6 21. a3 (21. Qb3 $14) 21... Nc7 $11 22. Qb3 b5 (22... h5 $11 23. g5 Nfxd5 24. Nxd5 (24. Bxd5 Nxd5 25. Nxd5 Bxd5 $11) 24... Nxd5 25. Bxd5 Bxd5 26. Qxd5 Qxh3) 23. Rc1 Kh8 ({Black should play} 23... h5 $14) 24. Nc6 $16 Nxg4 25. hxg4 $18 Qxg4 26. Qd1 (26. Bxa7 $6 Qxf4 27. Qd1 Bc8 $16) 26... Qxf4 27. Nxa7 {[%emt 0:01:56] Pair of Knights!} (27. Bxa7 $6 Bc8 $16) 27... Re5 (27... Be5 $2 28. Rc2 (28. Naxb5 Nxb5 29. Nxb5 Ba6 $11)) 28. Naxb5 (28. Ncxb5 Rf5 29. Bd4 (29. Rxc7 Qxf2+ 30. Kh1 Be5 31. Rc8+ Bxc8 32. Nxc8 Rh5+) 29... Be5 30. Bxe5+ (30. Rxc7 $2 Qh2#) 30... dxe5 31. Nxc7 (31. Rxc7 Qe3+ 32. Kh2 Rf4 $19) 31... Qe3+ 32. Kh2 Rh5+ 33. Qxh5 Qf4+ 34. Kh3 gxh5 $17) (28. Nc6 $142 $1 Rh5 29. Kf1 (29. Ne2 Qh2+ 30. Kf1 Rg5 $14)) 28... Nxb5 $16 29. Nxb5 Rg5 30. Rc2 {[%emt 0:13:31] Threatens to win with Bd4.} ({Reject} 30. Rc7 Qe4 31. Qf1 Bxd5 32. Rc8+ Bf8 33. Rxf8+ Kg7 34. Rxf7+ Kh6 $17) (30. Nd4 $5 Bxd5 31. Rc8+ Bf8 32. Rxf8+ Kg7 33. Ne6+ $1 Bxe6 34. Re8 $16) 30... Be5 31. Bd4 Qh2+ (31... Bxd5 $11 {remains equal.} 32. Bxe5+ dxe5 33. Qxd5 Qe3+ 34. Rf2 Qe1+ 35. Rf1 Qe3+ 36. Rf2 Qe1+ 37. Rf1 Qe3+ 38. Rf2) 32. Kf1 Ba6 {[%emt 0:03:39] [#]} 33. Bxe5+ $1 ({Much weaker is} 33. a4 Qf4+ 34. Kg1 Qh2+ 35. Kf1 Qf4+ 36. Kg1 Qh2+ 37. Kf1 $11) 33... Rxe5 (33... Qxe5 $2 34. a4 $16) 34. a4 {[%emt 0:02:12] Strongly threatening Qd4.} Qf4+ 35. Kg1 Qxb4 36. Re2 {[%emt 0:01:48] Against Re1+} Qc5+ $1 37. Kh2 ({Better is} 37. Rf2 $1 $14) 37... Rh5+ $11 {[%emt 0:01:02] The position is equal.} 38. Kg3 {[%emt 0:00:23] Hoping for Qa1+.} Rg5+ 39. Kh2 {[%emt 0:00:07] aiming for Qa1+.} Rh5+ 40. Kg3 {[%emt 0:01:34] Qa1+ is the strong threat.} Rg5+ 41. Kh2 {Black defended with fortune.  Weighted Error Value: White=0.13 (very precise) /Black=0.15 (very precise)} 1/2-1/2

[Event "Czech Open-GM 2022"]
[Site "Pardubice"]
[Date "2022.07.25"]
[Round "4.37"]
[White "Soham Datar"]
[Black "Kokoszczynski, Jan"]
[Result "1-0"]
[ECO "C80"]
[WhiteElo "2111"]
[BlackElo "2297"]
[Annotator "TA"]
[PlyCount "77"]
[EventDate "2022.07.22"]
[EventType "swiss"]
[EventCountry "CZE"]
[SourceTitle "playchess.com"]
[Source "ChessBase"]
[SourceQuality "1"]
[TimeControl "40/5400+30:1800+30"]

1. e4 e5 2. Nf3 Nc6 3. Bb5 a6 4. Ba4 Nf6 5. O-O Nxe4 6. d4 Be7 7. Re1 b5 8. Bb3 {[%emt 0:00:04] C84: Closed Ruy Lopez: Unusual White 6th moves.} (8. Nxe5 Nxe5 9. Rxe4 Nc4 $11) (8. Rxe4 $5 bxa4 9. d5 $14 (9. dxe5 O-O $14)) 8... d5 9. dxe5 Be6 10. Nbd2 {[%emt 0:00:57] The position is equal.} Nc5 11. c3 d4 12. Bc2 dxc3 (12... O-O $11) 13. bxc3 $14 Nd3 {[%emt 0:00:29] [#]} (13... Qd7 $14) 14. Nd4 $146 ({Predecessor:} 14. Re3 Nxc1 15. Rxc1 O-O 16. Be4 Qe8 17. Qc2 h6 18. Nd4 Nxd4 19. cxd4 Rd8 20. Bc6 {1-0 (41) Aitbayev,A (2380)-Sadykov,I (2173) Astana 2012}) 14... Ncxe5 (14... Nxd4 $14 15. Bxd3 Nf5) 15. Nxe6 (15. Re3 $16) 15... fxe6 $11 16. Rxe5 Nxe5 $17 17. Qh5+ Nf7 18. Be4 Rb8 19. Nb3 g6 20. Bc6+ Kf8 21. Qe2 Qd6 22. Be4 Kg7 23. Be3 Bf6 ({Black should try} 23... Rhd8 $17 24. Nd4 Rb6) 24. Rd1 (24. Bc2 $15) 24... Qe7 $1 25. Bc5 Nd6 26. Nd4 Qf7 (26... Bxd4 $17 27. cxd4 Qf6) 27. Bc6 $1 $11 {[%emt 0:02:08] [#] This bishop pair is nice.} Rhe8 28. Bxe8 Rxe8 29. Nc6 Nc4 30. Rd3 (30. a4 $11 {remains equal.}) 30... h5 31. g4 hxg4 32. Qxg4 Ne5 33. Nxe5 Bxe5 34. Rf3 {[%emt 0:03:28] Inhibits Qf5.} Qd7 35. Qg5 {[%emt 0:02:14][%mdl 1024] White has compensation. White is more active.} Bd6 (35... Qd5 {[#] gets mated.} 36. Bf8+ $1 Kh8 37. Qh6+ Kg8 38. Qxg6+ Kh8 39. Rh3#) (35... Qd1+ $14 36. Kg2 Qd5 37. Bf8+ Rxf8 38. Qe7+ Rf7 39. Qxf7+ Kh6) 36. Qf6+ $2 (36. Bxd6 $18 {White wants to mate with Be5+.} cxd6 37. Rf6) 36... Kg8 37. Bd4 Qh7 {[%emt 0:01:07][%mdl 8192] [#] Inhibits Qh8+.} (37... e5 $11 38. Rg3 (38. Qxg6+ Qg7 $15) 38... Qf7 39. Rxg6+ Kf8) 38. Rh3 $3 Rf8 (38... Re7 39. Rxh7) 39. Qxe6+ {[%emt 0:00:09] Weighted Error Value: White=0.30/Black=0.54} 1-0

[Event "Czech Open-GM 2022"]
[Site "Pardubice"]
[Date "2022.07.25"]
[Round "4.38"]
[White "Brozka, Karel"]
[Black "Butkiewicz, Lukasz"]
[Result "1/2-1/2"]
[ECO "A61"]
[WhiteElo "2188"]
[BlackElo "2370"]
[Annotator "TA"]
[PlyCount "73"]
[EventDate "2022.07.22"]
[EventType "swiss"]
[EventCountry "CZE"]
[SourceTitle "playchess.com"]
[Source "ChessBase"]
[SourceQuality "1"]
[TimeControl "40/5400+30:1800+30"]

1. d4 Nf6 2. c4 e6 3. Nf3 c5 4. d5 exd5 5. cxd5 d6 6. Nc3 g6 7. e4 a6 8. a4 Bg4 9. Be2 Bxf3 10. Bxf3 Bg7 11. O-O O-O 12. Bf4 Qe7 13. Re1 Nbd7 14. Qd2 Rab8 15. Be2 {[%emt 0:05:08] A75: Modern Benoni: Classical: 9...a6 10 a4 Bg4.} Rfc8 {[%emt 0:01:52] [#]} 16. f3 $146 ({Predecessor:} 16. a5 Ne8 17. Bg5 Bf6 18. Bxf6 Nexf6 19. f4 c4 20. Qd4 b5 21. axb6 Rxb6 22. Bf3 Nc5 {½-½ (79) Grigorov,G (2501)-Nabaty,T (2590) Sunny Beach 2012}) 16... Qf8 17. Be3 {[%emt 0:13:45] White is slightly better.} c4 18. a5 {[%emt 0:05:31] White is more active.} (18. Ba7 $5 ) 18... Nc5 $1 19. Bxc5 Rxc5 20. Na4 Rc7 21. Qb4 Nh5 (21... Nd7 $11 {deserves consideration.}) 22. g3 $14 (22. Bxc4 Bd4+ 23. Kf1 (23. Kh1 $2 Ng3+ 24. hxg3 Qh6#) 23... Be5 $19) 22... Qe7 23. Rad1 Re8 (23... Be5 $14) 24. Kg2 ({Of course not} 24. Bxc4 Qg5 25. Nb6 Nxg3 $1 $15) ({White should play} 24. f4 $16) 24... Qg5 {[%emt 0:04:33] Strongly threatening ...Be5.} 25. Qd2 $1 (25. Bxc4 Be5 26. Kf2 {[#]} Nxg3 $1 27. hxg3 Qxg3+ 28. Ke2 f5 $15) 25... Qxd2 26. Rxd2 f5 27. exf5 $1 gxf5 28. f4 (28. Rb1 $14) 28... Nf6 $11 {[%emt 0:00:16][%cal Bh5f6,Bf6e4,Be4d2][%mdl 32] The position is equal.} 29. Nc3 Ne4 30. Bf3 Bxc3 ({Don't play} 30... Nxd2 31. Rxe8+ Bf8 32. Rb8 $14) 31. bxc3 Rc5 32. g4 Nxd2 33. Rxe8+ Kf7 34. Rb8 Nxf3 35. Rxb7+ Kg6 36. Kxf3 {[%emt 0:00:24] Threatening gxf5+.} Rxd5 {[%emt 0:00:05] Hoping for ...Rd3+.} 37. gxf5+ {[%emt 0:03:37] Weighted Error Value: White=0.16 (very precise) /Black=0.11 (very precise)} 1/2-1/2